cohdb
Replays
Latest Replays
All Replays
Popular Replays
Top Player Replays
Match Explorer
How It Works
Community
CoH3 Stats
Reddit
Sign in to upload your games and track your stats! →
Sign in with Steam
Match 42765026
Unlisted
Match 42765026
Overview
Messages
Build Orders
End
Selects Special Operations Battlegroup
Selects M29 Weasel Recon Vehicle
Construct Weapon Support Center
M29 Weasel Recon Vehicle
M1919 Machine Gun Team
Bazooka Squad
M1919 Machine Gun Team
Infantry Support Center
M3 Armored Personnel Carrier
Engineer Squad
Selects Raiding Flares
Raiding Flares
Improved M9 Bazooka Rockets
Advanced Logistics
Selects SSF Commando Squad
SSF Commando Squad
Construct Medical Station
Raiding Flares
SSF Commando Squad
SSF Commando Squad
Dahlian
Random_Target
Bish Bash Bosh
Bass
Rain
(KCC)MGfirst
YuruMusubi
RUN
0
0
Comments
sign in to comment!
No comments posted yet!